 Dungeon Crawl Stone Soup version 0.30-a0-715-gdb4ae3ece1 (webtiles) character file.

Game seed: 6820907798138608519

84 RapScallion the Slasher (level 4, -2/35 (38) HPs)
             Began as a Hill Orc Reaver on Jan 24, 2023.
             Slain by a worm (8 damage)
             ... on level 2 of the Dungeon.
             The game lasted 00:11:28 (1773 turns).

RapScallion the Slasher (Hill Orc Reaver)           Turns: 1773, Time: 00:11:29

HP:   -2/35 (38)    AC:  4    Str: 14    XL:     4   Next: 46%
MP:   4/6           EV: 11    Int: 13    God:
Gold: 30            SH:  0    Dex: 11    Spells: 0/6 levels left

rFire   . . .      SeeInvis .    h - +0 rapier
rCold   . . .      Faith    .    (no shield)
rNeg    . . .      Spirit   .    b - +0 leather armour
rPois   .          Reflect  .    k - +0 helmet
rElec   .          Harm     .    (no cloak)
rCorr   .          Rampage  .    (no gloves)
Will    .....                    (no boots)
Stlth   +                        (no amulet)
HPRegen 0.25/turn                (no ring)
MPRegen 0.10/turn                (no ring)

@: drained
A: no striking features
a: no special abilities


You were on level 2 of the Dungeon.
You visited 1 branch of the dungeon, and saw 2 of its levels.

You collected 30 gold pieces.

Inventory:

Hand Weapons
 a - a +0 falchion
 h - a +0 rapier (weapon)
Armour
 b - a +0 leather armour (worn)
 k - a +0 helmet (worn)
Scrolls
 e - a scroll of summoning {unknown}
 f - 2 scrolls of teleportation {unknown}
 g - 2 scrolls of identify {unknown}
 i - a scroll of torment {unknown}
 j - a scroll of enchant armour {unknown}
Potions
 c - a potion of magic {unknown}
 d - a potion of curing {unknown}


   Skills:
 + Level 3.2 Fighting
 + Level 4.2 Long Blades
 + Level 1.3 Armour
 + Level 2.1 Dodging
 + Level 1.6 Spellcasting
 + Level 3.1 Conjurations
 + Level 0.2 Necromancy


You couldn't memorise any spells.
You knew the following spells:

 Your Spells              Type           Power      Damage    Failure   Level
a - Kiss of Death         Conj/Necr      20%        2d7       16%         1
b - Momentum Strike       Conj/Tloc      10%        3d8       26%         2
c - Vampiric Draining     Necr           1%         2d6       65%         3

Your spell library contained the following spells:

 Spells                   Type           Power      Damage    Failure   Level
 Necrotise                Necr           4%         1d4       30%         1
 Hailstorm                Conj/Ice       5%         3d4       45%         3
 Agony                    Necr           1%         N/A       100%        5


Dungeon Overview and Level Annotations

Branches:
Dungeon (2/15)

Altars:
Nemelex Xobeh

Shops:
D:2 [


Message History

You hit the worm but do no damage. The kobold hits you with a +0 club.
The worm bites you but does no damage. The kobold hits you but does no damage.
You hit the worm.
The worm is lightly wounded.
The kobold hits you with a +0 club. The worm bites you but does no damage.
You hit the worm but do no damage.
The worm is lightly wounded.
The kobold completely misses you.
Casting: Momentum Strike (dangerous; 26% risk of failure)
Confirm with . or Enter, or press ? or * to list all spells.
Aiming: Momentum Strike (dangerous; 26% risk of failure)
Press: ? - help, Dir - move target, f - kobold
Aim: a kobold, wielding a +0 club and quivering stones (60% to hit)
The concentrated momentum hits the kobold!!
You kill the kobold!
You are unable to move.
The worm bites you.
You hit the worm but do no damage.
The worm is lightly wounded.
The worm bites you.
* * * LOW HITPOINT WARNING * * *
Casting: Momentum Strike (dangerous; 26% risk of failure)
Confirm with . or Enter, or press ? or * to list all spells.
You cannot redirect your momentum while unable to move.
You completely miss the worm.
Unknown command.
You barely miss the worm. The worm barely misses you.
You hit the worm.
The worm is moderately wounded.
You are no longer robbed of momentum.
The worm barely misses you.
You hit the worm but do no damage.
The worm is moderately wounded.
You hit the worm but do no damage.
The worm is moderately wounded.
The worm bites you.
* * * LOW HITPOINT WARNING * * *
You barely miss the worm.
The worm is lightly wounded.
The worm bites you!
You die...

.#........##..#.....
.#........##..###.##
.#........##..# .# .
.#........##..#
.####..
.#.#.#....##..#
........ ......
.#.#.#...###..#
....... . .....
.#.#.#..## #..##
....... #. #....
.......##
##..##).......#.##....
.#.....#
#...@w...........<...
.......#
#....................
.......#
#..###.......#.##....
.......# ≈≈#...
............<..
.....### ≈≈≈#..##
#.#........... ##.#.#
≈≈≈≈#~.~ ..~..~.##...#
##.#.# #~~~~~~~≈ ~.~≈~
##..# ##.#.##.≈≈≈~≈~≈~
~~≈~~~##..#
........~~~≈ ~≈≈~.....


You could see a worm.

Vanquished Creatures
  An iguana (D:2)
  2 adders (D:2)
  2 ball pythons (D:1)
  4 endoplasms
  2 giant cockroaches
  4 goblins (D:1)
  5 hobgoblins
  4 jackals (D:1)
  2 kobolds
  3 quokkas
  5 bats
  A frilled lizard (D:1)
  3 rats
38 creatures vanquished.

Notes
Turn   | Place    | Note
-------+----------+-------------------------------------------
     0 | D:1      | RapScallion the Hill Orc Reaver began the quest for the
                  | Orb.
     0 | D:1      | Reached XP level 1. HP: 18/18 MP: 3/3
   182 | D:1      | Reached XP level 2. HP: 25/25 MP: 4/4
   534 | D:1      | Reached XP level 3. HP: 27/30 MP: 5/5
  1009 | D:2      | Reached skill level 4 in Long Blades
  1157 | D:2      | Reached skill level 1 in Armour
  1157 | D:2      | Reached XP level 4. HP: 28/32 MP: 4/6
  1256 | D:2      | Learned a level 2 spell: Momentum Strike
  1328 | D:2      | Found a sparkling altar of Nemelex Xobeh.
  1354 | D:2      | Found Giwalial's Armour Shop.
  1690 | D:2      | Learned a level 3 spell: Vampiric Draining
  1773 | D:2      | Slain by a worm

Illustrated notes

Levels and vault maps discovered:
D:1:      dpeg_arrival_another_circle, layout_basic
D:2:      layout_basic, serial_shops, shop, basic_altar,
          chequers_serial_rivers_large_a

Skill      XL: |  1  2  3  4 |
---------------+-------------+-----
Long Blades    | 4 |  4.2
Armour         | 1 |  1.3
Dodging        | 2 |  2.1
Fighting       | 3 |  3.2
Spellcasting   | |  1.6
Conjurations   | |  3.1
Necromancy     | |  0.2

Action                     |  1- 3 |  4- 6 || total
---------------------------+-------+-------++-------
  Melee: Falchion          |   122 |       ||   122
         Rapier            |       |    47 ||    47
   Cast: Kiss of Death     |     2 |       ||     2
         Momentum Strike   |       |     4 ||     4
 Armour: Leather armour    |    47 |    12 ||    59
  Dodge: Dodged            |   105 |    25 ||   130

Table legend: (Time is in decaauts)
 A = Elapsed time spent in this place.
 B = Non-inter-level travel time spent in this place.
 C = Inter-level travel time spent in this place.
 D = Time resting spent in this place.
 E = Time spent auto-exploring this place.
 F = Levels seen in this place.
 G = Mean time per level.
                   A        B        C        D        E       F      G
               +--------+--------+--------+--------+--------+-----+--------+
         Total |   1791 |   1776 |     15 |    363 |    157 |   2 |  895.5 |
       Dungeon |   1791 |   1776 |     15 |    363 |    157 |   2 |  895.5 |
               +--------+--------+--------+--------+--------+-----+--------+

Top non-repeatable levels by time:
     D:1: 1058 daAuts
     D:2: 733 daAuts
